AoeStats
← PAYLOTO

MegaRandom

510554231Analyzed
4v4 RM · 2d ago on Oct 1, 2026· 83m 54s· 8 players
Game mode
Random Map
Map size
Large (8 player)
Population
200
Speed
Normal
Resources
Standard
Victory
Conquest
Starting age
Dark Age
Ending age
Imperial Age
RankedLock teamsTeams togetherTeam positionsShared explorationLock speedFull tech treeHidden civsTurbo modeCheats
Victory
Defeat
🇪🇸 Bohemians · Spain
1426
+15
🇹🇼 Varangians · Taiwan
1292
+20
🇧🇷 Vietnamese · Brazil
1289
+20
🇨🇳 Mongols · China
1281
+20
🇨🇳 Japanese · China
1399
-19
🇨🇳 Franks · China
1389
-19
🇹🇼 Britons · Taiwan
1386
-19
🇨🇳 Magyars · China
1369
-18
wuming
7:55 Loom
11:04 Feudal Age
15:36 Castle Age
15:01 Double-Bit Axe
15:01 Horse Collar
15:48 Gold Mining
16:43 Bow Saw
17:28 Wheelbarrow
23:54 Hand Cart
23:25 Town Watch
23:32 Fletching
23:42 Padded Archer Armor
31:08 Imperial Age
32:01 Gold Shaft Mining
31:17 Stone Mining
32:41 Heavy Cavalry Archer
34:50 Thumb Ring
35:11 Parthian Tactics
34:42 Bodkin Arrow
35:04 Leather Archer Armor
36:48 Conscription
36:30 Recurve Bow
37:54 Bracer
39:22 Ring Archer Armor
40:07 Ballistics
40:47 Chemistry
39:53 Recurve Bow
40:14 Conscription
41:27 Corvinian Army
42:04 Hoardings
42:18 Siege Engineers
41:53 Treadmill Crane
42:24 Masonry
44:01 Caravan
44:43 Bloodlines
44:34 Husbandry
47:36 Scale Barding Armor
49:20 Chain Barding Armor
50:59 Elite Magyar Huszar
55:28 Plate Barding Armor
56:25 Light Cavalry
60:33 Hussar
PAYLOTO
13:09 Feudal Age
13:57 Double-Bit Axe
14:16 Fishing Lines
17:02 Castle Age
15:32 Horse Collar
18:15 Bow Saw
19:47 Wheelbarrow
19:06 Gillnets
20:50 Heavy Plow
22:19 Loom
22:20 Town Watch
25:37 Gold Mining
28:56 Hand Cart
31:11 Imperial Age
28:43 Town Patrol
29:14 Fortified Wall
29:24 Ballistics
28:55 Fletching
29:27 Scale Mail Armor
29:37 Forging
29:34 Treadmill Crane
30:05 Masonry
30:25 Ballistics
29:35 Pikeman
30:15 Squires
30:31 Chain Mail Armor
31:45 Iron Casting
32:05 Thumb Ring
31:20 Elite Skirmisher
31:57 Bodkin Arrow
31:43 Capped Ram
31:54 Heavy Cavalry Archer
32:59 Parthian Tactics
33:48 Chemistry
34:15 Two-Man Saw
33:41 Bracer
33:42 Padded Archer Armor
33:49 Siege Engineers
34:53 Gold Shaft Mining
34:08 Stone Mining
34:40 Husbandry
34:56 Bloodlines
34:19 Halberdier
35:33 Leather Archer Armor
35:53 Plate Mail Armor
35:59 Iron Casting
38:27 Man-at-Arms
39:09 Gambesons
40:03 Conscription
40:40 Coinage
41:25 Arson
41:02 Long Swordsman
42:44 Blast Furnace
41:23 Heavy Scorpion
41:52 Arrowslits
41:57 Guard Tower
42:24 Caravan
42:55 Banking
48:16 Leather Archer Armor
49:17 Keep
48:47 Yasama
50:56 Hoardings
53:36 Ring Archer Armor
56:21 Onager
1★跳高獵人
11:12 Feudal Age
9:42 Loom
12:19 Loom
17:01 Castle Age
14:51 Double-Bit Axe
18:23 Bow Saw
21:18 Wheelbarrow
24:35 Town Watch
25:38 Elite Skirmisher
26:45 Fletching
27:59 Horse Collar
28:48 Hand Cart
31:48 Imperial Age
29:52 Fishing Lines
30:26 Stone Mining
31:40 Gold Mining
32:20 Yeomen
32:04 Treadmill Crane
33:22 Bodkin Arrow
33:28 Padded Archer Armor
34:30 Conscription
35:44 Careening
35:30 Murder Holes
36:31 Ballistics
38:16 Gold Shaft Mining
37:57 Bracer
38:13 Scale Mail Armor
38:41 Heavy Plow
38:49 Murder Holes
39:56 Chemistry
38:48 Pikeman
39:29 Squires
40:13 Leather Archer Armor
40:50 Warwolf
41:27 Hoardings
41:56 Fortified Wall
42:40 Ring Archer Armor
41:56 Elite Longbowman
43:14 Onager
47:26 Two-Man Saw
46:31 Heavy Scorpion
48:22 Caravan
51:09 Town Patrol
51:21 Capped Ram
聂灭知北
11:47 Feudal Age
13:22 Double-Bit Axe
16:23 Castle Age
19:34 Wheelbarrow
23:50 Hand Cart
23:21 Loom
24:14 Husbandry
27:12 Bow Saw
29:49 Imperial Age
27:05 Town Watch
27:50 Gold Mining
27:50 Stone Mining
28:22 Forging
28:22 Scale Barding Armor
30:54 Gold Shaft Mining
30:03 Cavalier
32:14 Iron Casting
31:59 Chain Barding Armor
31:29 Paladin
34:11 Blast Furnace
34:31 Plate Barding Armor
33:32 Capped Ram
34:37 Conscription
34:56 Chivalry
34:32 Elite Throwing Axeman
37:27 Scale Mail Armor
42:39 Caravan
43:09 Coinage
43:14 Chivalry
43:46 Light Cavalry
49:41 Chain Mail Armor
58:30 Arson
58:31 Gambesons
58:47 Squires
68:02 Treadmill Crane
71:39 Fortified Wall
72:18 Masonry
72:17 Siege Engineers
DeeperDeeper
8:35 Loom
11:01 Feudal Age
12:37 Double-Bit Axe
16:05 Castle Age
14:58 Fishing Lines
16:54 Town Watch
17:21 Bow Saw
17:31 Horse Collar
18:18 Gillnets
18:33 Heavy Plow
23:58 Wheelbarrow
23:55 Stone Mining
23:55 Gold Mining
25:47 Stone Shaft Mining
25:54 Forging
25:49 Scale Barding Armor
29:15 Hand Cart
32:46 Imperial Age
31:07 Bloodlines
30:57 Husbandry
32:19 Iron Casting
32:30 Scale Barding Armor
33:52 Conscription
34:41 Blast Furnace
34:08 Elite Jarl
35:19 Chain Barding Armor
37:17 Plate Barding Armor
37:47 Scale Mail Armor
37:09 Elite Varangian Guard
37:35 Gambesons
37:50 Squires
37:36 Arson
38:15 Town Patrol
39:17 Two-Man Saw
38:14 Gothikon
38:37 Capped Ram
39:56 Siege Ram
40:59 Fletching
41:19 Siege Engineers
41:25 Masonry
42:17 Chemistry
42:09 Bodkin Arrow
44:14 Crop Rotation
46:40 Chain Mail Armor
49:50 Caravan
50:07 Guilds
50:54 Pikeman
52:44 Bracer
52:36 Treadmill Crane
54:18 Plate Mail Armor
54:31 Halberdier
56:52 Padded Archer Armor
60:54 Architecture
67:21 Elite Skirmisher
70:24 Ballistics
71:52 Imperial Skirmisher
72:10 Imperial Skirmisher
74:05 Leather Archer Armor
76:11 Ring Archer Armor
CARANZA
3:45 Loom
11:18 Feudal Age
12:02 Double-Bit Axe
16:16 Castle Age
14:51 Horse Collar
17:16 Bow Saw
18:50 Wheelbarrow
19:52 Heavy Plow
22:53 Padded Archer Armor
24:40 Leather Archer Armor
24:51 Wagenburg Tactics
32:01 Imperial Age
30:06 Scale Barding Armor
30:12 Forging
30:55 Scale Mail Armor
32:45 Iron Casting
31:52 Pikeman
32:32 Squires
32:18 Arson
33:46 Chemistry
33:07 Ballistics
33:05 Caravan
33:49 Conscription
33:18 Halberdier
35:32 Blast Furnace
37:58 Two-Man Saw
37:16 Chain Mail Armor
37:33 Ring Archer Armor
36:53 Fletching
41:20 Plate Mail Armor
42:37 Guard Tower
42:32 Arrowslits
46:28 Houfnice
48:12 Bombard Tower
48:51 Siege Engineers
66:21 Elite Skirmisher
66:59 Bodkin Arrow
67:44 Keep
71:48 Man-at-Arms
72:31 Bracer
78:31 Elite Hussite Wagon
80:12 Imperial Skirmisher
81:18 Long Swordsman
82:14 Two-Handed Swordsman
Rbofff
10:08 Feudal Age
10:36 Double-Bit Axe
13:40 Loom
16:41 Castle Age
14:51 Horse Collar
17:32 Bow Saw
21:42 Wheelbarrow
22:21 Bloodlines
23:00 Forging
23:20 Heavy Plow
23:13 Gold Mining
25:46 Iron Casting
25:18 Scale Barding Armor
25:49 Husbandry
27:57 Hand Cart
28:18 Stone Mining
31:40 Imperial Age
32:25 Chain Barding Armor
31:57 Fletching
32:33 Elite Battle Elephant
40:30 Caravan
40:47 Light Cavalry
42:06 Plate Barding Armor
43:29 Bodkin Arrow
43:35 Padded Archer Armor
46:37 Bracer
46:53 Leather Archer Armor
48:49 Chemistry
48:09 Ballistics
58:08 Fortified Wall
63:02 Elite Skirmisher
63:48 Thumb Ring
63:52 Imperial Skirmisher
71:29 Heated Shot
71:15 Heavy Cavalry Archer
77:22 Murder Holes
77:09 Treadmill Crane
79:29 Cavalier
fafagege
14:30 Feudal Age
15:34 Double-Bit Axe
18:18 Castle Age
16:34 Horse Collar
19:32 Bow Saw
20:29 Wheelbarrow
20:46 Fishing Lines
21:20 Fletching
22:07 Thumb Ring
22:48 Hand Cart
22:22 Loom
22:23 Town Watch
25:19 Bodkin Arrow
27:12 Ballistics
27:15 Padded Archer Armor
28:35 Heavy Plow
29:54 Gillnets
34:10 Imperial Age
32:05 Gold Mining
32:06 Stone Mining
32:47 Bloodlines
32:38 Husbandry
33:23 Leather Archer Armor
34:50 Gold Shaft Mining
34:50 Stone Shaft Mining
34:47 Caravan
34:58 Bracer
35:22 Conscription
34:23 Elite Mangudai
37:28 Drill
38:11 Chemistry
36:36 Capped Ram
38:40 Siege Ram
43:35 Light Cavalry
44:22 Scale Barding Armor
44:51 Hussar
50:28 Hoardings
50:29 Coinage
52:33 Banking
56:12 Chain Barding Armor
56:38 Forging
79:46 Siege Engineers
Connection lost

Rejoining the realm…

Still unreachable

The connection could not be restored.

Session expired

The server has moved on; the page needs a fresh start.